 Dungeon Crawl Stone Soup version 0.29-a0-418-gc0181ea820 (webtiles) character file.

Game seed: 358771803880947195

46 GordonOverkill the Skirmisher (level 3, -1/29 HPs)
             Began as a Human Abyssal Knight on May 17, 2022.
             Was a Believer of Lugonu.
             Slain by Jessica
             ... wielding a +0 dagger
              (6 damage)
             ... on level 2 of the Dungeon.
             The game lasted 00:01:52 (1529 turns).

GordonOverkill the Skirmisher (HuAK)                Turns: 1529, Time: 00:01:52

Health: -1/29      AC:  3    Str: 15    XL:     3   Next: 92%
Magic:  5/5        EV: 11    Int: 10    God:    Lugonu [**....]
Gold:   26         SH:  0    Dex: 13    Spells: 2/2 levels left

rFire   . . .      SeeInvis .   a - +1 hand axe
rCold   . . .      Faith    .   (no shield)
rNeg    . . .      Spirit   .   b - +0 leather armour
rPois   .          Reflect  .   (no helmet)
rElec   .          Harm     .   (no cloak)
rCorr   .          Rampage  .   (no gloves)
Will    .....                   (no boots)
Stlth   +.........              (no amulet)
HPRegen 0.09/turn               (no ring)
MPRegen 0.09/turn               (no ring)

@: no status effects
A: no striking features
a: Renounce Religion, Depart the Abyss, Bend Space


You were on level 2 of the Dungeon.
You worshipped Lugonu.
Lugonu was pleased with you.
You visited 1 branch of the dungeon, and saw 2 of its levels.
You visited the Abyss 1 time.

You collected 26 gold pieces.

Inventory:

Hand Weapons
 a - a +1 hand axe (weapon)
Missiles
 h - 2 poisoned darts
Armour
 b - a +0 leather armour (worn)
Jewellery
 f - a ring of poison resistance
Scrolls
 d - 3 scrolls of teleportation {unknown}
Potions
 c - a potion of flight {unknown}
 e - a potion of haste {unknown}
 g - a potion of heal wounds {unknown}
 i - a potion of degeneration {unknown}


   Skills:
 + Level 3.5 Fighting
 + Level 2.8 Axes
 - Level 2.0 Armour
 - Level 1.0 Dodging
 + Level 2.8 Invocations


You had 2 spell levels left.
You didn't know any spells.
Your spell library was empty.

Dungeon Overview and Level Annotations

Branches:
Dungeon (2/15)

Altars:

Shops:
D:2 [

Annotations:
D:2 Jessica


Message History

The worm is moderately wounded.
The worm bites you!
You are too injured to fight recklessly!
You are too injured to fight recklessly!
You hit the worm.
The worm is moderately wounded.
The worm bites you.
* * * LOW HITPOINT WARNING * * *
You are too injured to fight recklessly!
You barely miss the worm.
The worm is moderately wounded.
You are too injured to fight recklessly!
You hit the worm.
The worm is heavily wounded.
The worm barely misses you.
You are too injured to fight recklessly!
You hit the worm.
The worm is heavily wounded.
The worm bites you.
* * * LOW HITPOINT WARNING * * *
You hit the worm.
The worm is heavily wounded.
You slash the worm!
The worm is almost dead.
The worm bites you.
* * * LOW HITPOINT WARNING * * *
You hit the worm.
You kill the worm!
Lugonu accepts your kill.
Jessica the Apprentice Sorceress comes into view.
She is wielding a +0 dagger.
Found 13 stones.
Jessica shouts!
You start resting.
Jessica is nearby!
You hit Jessica.
Jessica is heavily wounded.
Jessica hits you with a +0 dagger.
* * * LOW HITPOINT WARNING * * *
Jessica hits you with a +0 dagger.
You die...

#...†....#....#......#
####################.###
....(.....#
##############.#.#
..#........##.#.#
#.#...####....#.#
#.#...#########.#
#...@........ .#
#......##@######## ##
#.####.#....# #@##.#.#
#.####.# #.. # #.( #..


You could see Jessica.

Vanquished Creatures
  An adder (D:2)
  A worm (D:2)
  A dart slug (D:1)
  4 ball pythons (D:1)
  An endoplasm (D:1)
  3 giant cockroaches
  4 goblins
  2 hobgoblins (D:1)
  4 jackals (D:1)
  A quokka (D:1)
  4 bats (D:1)
  A frilled lizard (D:1)
  A rat (D:1)
28 creatures vanquished.

Notes
Turn   | Place    | Note
-------+----------+-------------------------------------------
     0 | Abyss:1  | GordonOverkill the Human Abyssal Knight began the quest for
                  | the Orb.
     0 | Abyss:1  | Reached XP level 1. HP: 18/18 MP: 2/2
    18 | D:1      | Escaped the Abyss
   215 | D:1      | Reached XP level 2. HP: 22/24 MP: 3/3
   503 | D:1      | Reached XP level 3. HP: 29/29 MP: 4/4
   791 | D:1      | Found a faded altar of an unknown god.
  1129 | D:2      | Found Tiuddu's Armour Boutique.
  1521 | D:2      | Noticed Jessica
  1529 | D:2      | Slain by Jessica

Illustrated notes

Levels and vault maps discovered:
D:1:      kennysheep_arrival_forest, layout_loops_cross,
          shapermc_ecumenical_altar_totnotflames
D:2:      layout_basic, serial_shops, shop, solitary_fountain, uniq_jessica,
          uniq_crazy_yiuf_cottage

Action                   || total
-------------------------++-------
Melee: Hand axe          ||    86
Armor: Leather armour    ||    37
Dodge: Dodged            ||    57

Table legend: (Time is in decaauts)
 A = Elapsed time spent in this place.
 B = Non-inter-level travel time spent in this place.
 C = Inter-level travel time spent in this place.
 D = Time resting spent in this place.
 E = Time spent auto-exploring this place.
 F = Levels seen in this place.
 G = Mean time per level.
                   A        B        C        D        E       F      G
               +--------+--------+--------+--------+--------+-----+--------+
         Total |   1544 |   1497 |     47 |    231 |   1010 |   3 |  514.7 |
       Dungeon |   1526 |   1479 |     47 |    231 |   1010 |   2 |  763.0 |
         Abyss |     18 |     18 |      0 |      0 |      0 |   1 |   18.0 |
               +--------+--------+--------+--------+--------+-----+--------+

Top non-repeatable levels by time:
     D:1: 1122 daAuts
     D:2: 403 daAuts
 Abyss:1: 18 daAuts
